 Dungeon Crawl Stone Soup version 0.22-a0-407-gb098539 (webtiles) character file.

4713 galech the Fighter (level 10, -7/85 HPs)
             Began as a Gnoll Wanderer on May 9, 2018.
             Mangled by Erica
             ... wielding a +3 scimitar of flaming
              (9 damage)
             ... on level 8 of the Dungeon.
             The game lasted 00:15:28 (8912 turns).

galech the Fighter (Gnoll Wanderer)                 Turns: 8912, Time: 00:15:29

Health: -7/85      AC: 12    Str: 12    XL:     10   Next: 45%
Magic:  17/17      EV: 16    Int: 15    God:
Gold:   226        SH:  6    Dex: 20    Spells: 15/19 levels left

rFire    . . .     SeeInvis .   d - +3 whip (venom)
rCold    . . .     Gourm    .   c - +0 buckler
rNeg     . . .     Faith    .   I - +3 leather armour {rPois}
rPois    +         Spirit   .   N - +0 helmet
rElec    .         Reflect  .   s - +2 cloak
rCorr    .         Harm     .   m - +0 pair of gloves
MR       .....                  (no boots)
Stlth    +++.......             (no amulet)
HPRegen  0.24/turn              (no ring)
MPRegen  0.15/turn              (no ring)

@: lethally poisoned (-7 -> -8), slowed, very slow
A: distributed training, fangs 1, strong nose
a: no special abilities


You were on level 8 of the Dungeon.
You were very hungry.

You visited 2 branches of the dungeon, and saw 9 of its levels.

You collected 226 gold pieces.

Inventory:

Hand Weapons
 a - a +2 spear
 d - a +3 whip of venom (weapon)
 e - a +2 flail of freezing
 J - a +1 flail of protection
 M - a +0 spear of venom
Armour
 c - a +0 buckler (worn)
 m - a +0 pair of gloves (worn)
 r - a +0 chain mail
 s - a +2 cloak (worn)
 x - a +2 robe of fire resistance
 I - a +3 leather armour of poison resistance (worn)
 L - a +1 plate armour of poison resistance
 N - a +0 helmet (worn)
Jewellery
 K - an uncursed ring of ice
Wands
 t - a wand of paralysis (7)
 C - a wand of flame (24)
 H - a wand of enslavement (11)
 O - a wand of scattershot (6)
Scrolls
 g - 2 scrolls of teleportation
 j - 4 scrolls of magic mapping
 k - a scroll of identify
 l - 2 scrolls of blinking
 p - a scroll of noise
 q - 2 scrolls of amnesia
 v - 2 scrolls of random uselessness
 y - a scroll of immolation
 A - 5 scrolls of remove curse
 D - a scroll of enchant armour {unknown}
 E - 2 scrolls of fog
 P - a scroll of vulnerability {unknown}
 Q - a scroll of enchant weapon
Potions
 b - 2 potions of magic {unknown}
 h - a potion of cancellation {unknown}
 i - 2 potions of might {unknown}
 n - 3 potions of brilliance
 o - a potion of agility {unknown}
 u - a potion of berserk rage {unknown}
 w - 3 potions of heal wounds {unknown}
 z - 2 potions of degeneration {unknown}
 B - 2 potions of curing
 F - 2 potions of invisibility {unknown}
 G - a potion of flight {unknown}
Comestibles
 f - 15 rations


   Skills:
 + Level 10.0 Fighting
 + Level 5.2 Short Blades
 + Level 5.2 Long Blades
 + Level 5.2 Axes
 + Level 5.2 Maces & Flails
 + Level 8.4 Polearms
 + Level 5.2 Staves
 + Level 5.2 Slings
 + Level 5.2 Bows
 + Level 5.2 Crossbows
 + Level 5.2 Throwing
 + Level 5.2 Armour
 + Level 5.9 Dodging
 + Level 5.2 Stealth
 + Level 7.0 Shields
 + Level 5.2 Unarmed Combat
 + Level 5.2 Spellcasting
 + Level 4.3 Conjurations
 + Level 4.3 Hexes
 + Level 4.3 Charms
 + Level 4.3 Summonings
 + Level 4.3 Necromancy
 + Level 4.3 Translocations
 + Level 4.3 Transmutations
 + Level 4.3 Fire Magic
 + Level 4.3 Ice Magic
 + Level 4.3 Air Magic
 + Level 4.3 Earth Magic
 + Level 4.3 Poison Magic
 + Level 5.7 Invocations
 + Level 5.2 Evocations


You had 15 spell levels left.
You knew the following spells:

 Your Spells              Type           Power        Failure   Level  Hunger
a - Throw Icicle          Conj/Ice       ###.....     34%         4    ####...


Dungeon Overview and Level Annotations

Branches:
Dungeon (8/15)             Temple (1/1) D:6
   Lair: D:8-11

Altars:
Ashenzari
Cheibriados
Dithmenos
Elyvilon
Kikubaaqudgha
Makhleb
Nemelex Xobeh
Qazlal
Ru
Trog
Xom
Yredelemnul
Zin
The Shining One

Shops:
D:6 }

Annotations:
D:5 azzavlup's ghost, novice DrSk
D:8 Erica; Joseph


Innate Abilities, Weirdness & Mutations

Your experience applies equally to all skills.
You have very sharp teeth.
Your uncanny sense of smell can sniff out nearby items.


Message History

Your leather armour prevents you from hitting Erica.
You bite Erica, but do no damage.
Erica is lightly wounded.
Erica gestures wildly while chanting.
Erica flickers and vanishes!
Deactivating autopickup; reactivate with Ctrl-A.
You hit something. You bite something. Something barely misses you.
You hit something but do no damage.
You feel sick. Something hits you. Something burns you.
* * * LOW HITPOINT WARNING * * *
You closely miss something. Something hits you.
* * * LOW HITPOINT WARNING * * *
Something burns you.
* * * LOW HITPOINT WARNING * * *
You hit something. Something hits you!
* * * LOW HITPOINT WARNING * * *
Something burns you.
* * * LOW HITPOINT WARNING * * *
Something hits you!
You die...

#.#.##..........# #.# #.>##
#.#.##.####..##.# #.# #..#.
#.#.##.# #..##(# #.# #..#.#
#....#.## #..##.###.## #..#.#
#..#....###..........###..#.####
#.###.#......##.###...@...#.....
#..#....###.###.# #.####.##.....
##...#.## #.# #.# #@# #.##..###
##.....# #.# #@# #.# #.##..# #
####..###.###{###.# ##.##..# #
#............@.###...#..#
#############......#....#
######...#.## ##.##.# # #.##.# .
#.##.# # ...#.#


There were no monsters in sight!

Vanquished Creatures
  Pikel (D:6)
  Prince Ribbit (D:5)
  A hornet (D:8)
  A hippogriff (D:7)
  Sigmund (D:2)
  Edmund (D:6)
  3 orc warriors (D:7)
  3 sky beasts
  2 phantoms
  2 ogres
  A centaur (D:6)
  A crocodile (D:7)
  A big kobold (D:7)
  Blork the orc (D:5)
  A gnoll sergeant (D:7)
  A bullfrog (D:6)
  A water moccasin zombie (D:7)
  5 scorpions
  A water moccasin skeleton (D:5)
  4 killer bees (D:7)
  5 wights
  A howler monkey (D:4)
  3 crimson imps (D:5)
  2 hounds
  A jelly (D:5)
  A gnoll shaman (D:7)
  Crazy Yiuf (D:2)
  3 orc priests
  A bullfrog skeleton (D:6)
  Jessica (D:2)
  An iguana (D:4)
  Ijyb (D:3)
  Terence (D:2)
  Natasha (thrice) (D:3)
  7 orc wizards
  6 worker ants
  3 hound zombies
  17 gnolls
  A howler monkey skeleton (D:5)
  10 adders
  A shadow imp (D:6)
  2 oozes (D:3)
  A dart slug (D:1)
  6 leopard geckos
  25 orcs
  3 ball pythons
  6 giant cockroaches
  5 goblins
  7 hobgoblins
  5 jackals
  17 kobolds
  3 quokkas
  7 bats
  6 frilled lizards
  A quokka zombie (D:6)
  37 rats
234 creatures vanquished.

Vanquished Creatures (others)
  3 slaves (D:6)
  An ice beast (D:6)
  A bullfrog skeleton (D:6)
  2 leopard geckos (D:6)
  3 orcs (D:6)
  2 jackals (D:6)
  A quokka skeleton (D:6)
13 creatures vanquished.

Grand Total: 247 creatures vanquished

Notes
Turn   | Place    | Note
-------+----------+-------------------------------------------
     0 | D:1      | galech the Gnoll Wanderer began the quest for the Orb.
     0 | D:1      | galech set off with: a +2 spear, a potion of curing, a +0 buckler, a +0 robe, a ration
     0 | D:1      | Reached XP level 1. HP: 26/26 MP: 1/1
    99 | D:1      | Reached XP level 2. HP: 19/33 MP: 2/2
   249 | D:1      | Reached XP level 3. HP: 29/38 MP: 3/3
   400 | D:1      | Reached skill level 1 in Invocations
   645 | D:2      | Reached skill level 1 in Short Blades
   645 | D:2      | Reached skill level 1 in Long Blades
   645 | D:2      | Reached skill level 1 in Axes
   645 | D:2      | Reached skill level 1 in Maces & Flails
   645 | D:2      | Reached skill level 1 in Staves
   645 | D:2      | Reached skill level 1 in Slings
   645 | D:2      | Reached skill level 1 in Bows
   645 | D:2      | Reached skill level 1 in Crossbows
   645 | D:2      | Reached skill level 1 in Throwing
   645 | D:2      | Reached skill level 1 in Armour
   645 | D:2      | Reached skill level 1 in Stealth
   645 | D:2      | Reached skill level 1 in Unarmed Combat
   645 | D:2      | Reached skill level 1 in Spellcasting
   645 | D:2      | Reached skill level 1 in Evocations
   675 | D:2      | Reached XP level 4. HP: 45/45 MP: 5/5
   753 | D:2      | Noticed Jessica
   753 | D:2      | Noticed Sigmund
   764 | D:2      | Killed Jessica
   772 | D:2      | Killed Sigmund
   772 | D:2      | Reached skill level 1 in Conjurations
   772 | D:2      | Reached skill level 1 in Hexes
   772 | D:2      | Reached skill level 1 in Charms
   772 | D:2      | Reached skill level 1 in Summonings
   772 | D:2      | Reached skill level 1 in Necromancy
   772 | D:2      | Reached skill level 1 in Translocations
   772 | D:2      | Reached skill level 1 in Transmutations
   772 | D:2      | Reached skill level 1 in Fire Magic
   772 | D:2      | Reached skill level 1 in Ice Magic
   772 | D:2      | Reached skill level 1 in Air Magic
   772 | D:2      | Reached skill level 1 in Earth Magic
   772 | D:2      | Reached skill level 1 in Poison Magic
   772 | D:2      | Reached XP level 5. HP: 33/51 MP: 5/7
   772 | D:2      | Reached XP level 6. HP: 37/57 MP: 5/8
  1129 | D:2      | Found a stormy altar of Qazlal.
  1227 | D:2      | Noticed Terence
  1235 | D:2      | Killed Terence
  1235 | D:2      | Reached skill level 5 in Shields
  1374 | D:2      | Found a runed door.
  1378 | D:2      | Noticed Crazy Yiuf
  1387 | D:2      | Killed Crazy Yiuf
  1943 | D:3      | Noticed Ijyb
  1946 | D:3      | Paralysed by Ijyb for 5 turns
  1953 | D:3      | Killed Ijyb
  2146 | D:3      | Reached XP level 7. HP: 60/63 MP: 10/10
  2485 | D:3      | Noticed Natasha
  2490 | D:3      | Killed Natasha
  2656 | D:3      | Noticed Natasha
  2661 | D:3      | Killed Natasha
  2687 | D:3      | Found a burning altar of Makhleb.
  2799 | D:3      | Noticed Natasha
  2805 | D:3      | Killed Natasha
  3331 | D:4      | Reached skill level 9 in Fighting
  3587 | D:4      | Reached XP level 8. HP: 60/71 MP: 12/12
  3922 | D:5      | Entered Level 5 of the Dungeon
  3940 | D:5      | Noticed azzavlup's ghost (novice DrSk)
  4535 | D:5      | Noticed Prince Ribbit
  4553 | D:5      | Killed Prince Ribbit
  4902 | D:5      | Noticed Blork the orc
  4913 | D:5      | Killed Blork the orc
  5186 | D:5      | Reached XP level 9. HP: 65/76 MP: 14/14
  5500 | D:6      | Noticed Pikel
  5522 | D:6      | Killed Pikel
  5733 | D:6      | Reached skill level 5 in Dodging
  5903 | D:6      | Noticed Edmund
  5923 | D:6      | Killed Edmund
  5957 | D:6      | Found a staircase to the Ecumenical Temple.
  5966 | Temple   | Entered the Ecumenical Temple
  6292 | D:6      | Noticed an eight-headed hydra
  6460 | D:6      | Found Arecs's Gadget Shop.
  6586 | D:7      | Reached skill level 5 in Invocations
  6949 | D:7      | Reached XP level 10. HP: 25/84 MP: 15/17
  7771 | D:7      | Reached skill level 5 in Short Blades
  7771 | D:7      | Reached skill level 5 in Long Blades
  7771 | D:7      | Reached skill level 5 in Axes
  7771 | D:7      | Reached skill level 5 in Maces & Flails
  7771 | D:7      | Reached skill level 5 in Staves
  7771 | D:7      | Reached skill level 5 in Slings
  7771 | D:7      | Reached skill level 5 in Bows
  7771 | D:7      | Reached skill level 5 in Crossbows
  7771 | D:7      | Reached skill level 5 in Throwing
  7771 | D:7      | Reached skill level 5 in Armour
  7771 | D:7      | Reached skill level 5 in Stealth
  7771 | D:7      | Reached skill level 5 in Unarmed Combat
  7771 | D:7      | Reached skill level 5 in Spellcasting
  7771 | D:7      | Reached skill level 5 in Evocations
  7785 | D:7      | Learned a level 4 spell: Throw Icicle
  7876 | D:7      | Found a shimmering altar of Xom.
  7877 | D:7      | Found a shimmering altar of Xom.
  7878 | D:7      | Found a shimmering altar of Xom.
  7881 | D:7      | Found a shimmering altar of Xom.
  7881 | D:7      | Found a shimmering altar of Xom.
  7947 | D:7      | HP: 3/85 [orc warrior/mace (4)]
  8736 | D:8      | Found a shimmering altar of Xom.
  8738 | D:8      | Found an ancient bone altar of Kikubaaqudgha.
  8761 | D:8      | Reached skill level 10 in Fighting
  8866 | D:8      | Noticed Joseph
  8867 | D:8      | Noticed Erica
  8912 | D:8      | HP: 2/85 [something (6)]
  8912 | D:8      | Mangled by Erica

Vault maps used:
D:1:      erik_arrival_orb_chamber, st_stairs_6
D:2:      grunt_qazlal_clouds, uniq_crazy_yiuf_cottage, uniq_terence,
          uniq_jessica, uniq_sigmund
D:3:      lemuel_coloured_pillars_altar, minivault_24, uniq_ijyb, uniq_natasha
D:4:      minmay_rat_hole
D:5:      first_ration, minmay_misc_feat_plants, uniq_blork_the_orc,
          uniq_prince_ribbit1
D:6:      minitemple, minmay_temple_entry_junction, serial_shops,
          nicolae_shop_crystal, uniq_edmund, uniq_pikel
D:7:      xom_redecorated
D:8:      kennysheep_mini, grunt_temple_overflow_open, uniq_erica, uniq_joseph,
          uniq_psyche
Temple:   minmay_temple_curvy_loop

Skill      XL: |  1  2  3  4  5  6  7  8  9 10 |
---------------+-------------------------------+-----
Invocations    | 1 2 3 4 5 |  5.7
Short Blades   | 1 2 3 4 5 |  5.2
Long Blades    | 1 2 3 4 5 |  5.2
Axes           | 1 2 3 4 5 |  5.2
Maces & Flails | 1 2 3 4 5 |  5.2
Staves         | 1 2 3 4 5 |  5.2
Slings         | 1 2 3 4 5 |  5.2
Bows           | 1 2 3 4 5 |  5.2
Crossbows      | 1 2 3 4 5 |  5.2
Throwing       | 1 2 3 4 5 |  5.2
Armour         | 1 2 3 4 5 |  5.2
Stealth        | 1 2 3 4 5 |  5.2
Unarmed Combat | 1 2 3 4 5 |  5.2
Spellcasting   | 1 2 3 4 5 |  5.2
Evocations     | 1 2 3 4 5 |  5.2
Dodging        | 3 4 5 |  5.9
Conjurations   | 1 2 3 4 |  4.3
Hexes          | 1 2 3 4 |  4.3
Charms         | 1 2 3 4 |  4.3
Summonings     | 1 2 3 4 |  4.3
Necromancy     | 1 2 3 4 |  4.3
Translocations | 1 2 3 4 |  4.3
Transmutations | 1 2 3 4 |  4.3
Fire Magic     | 1 2 3 4 |  4.3
Ice Magic      | 1 2 3 4 |  4.3
Air Magic      | 1 2 3 4 |  4.3
Earth Magic    | 1 2 3 4 |  4.3
Poison Magic   | 1 2 3 4 |  4.3
Shields        | 5 6 7 |  7.0
Polearms       | 7 8 |  8.4
Fighting       | 9 10 | 10.0

Action                   |  1- 3 |  4- 6 |  7- 9 | 10-12 || total
-------------------------+-------+-------+-------+-------++-------
Melee: Spear             |    42 |       |       |       ||    42
       Whip              |    41 |    82 |   549 |   248 ||   920
       Bite              |     6 |     9 |    72 |    37 ||   124
  Use: Scroll            |       |     4 |     7 |     3 ||    14
       Potion            |       |     2 |       |       ||     2
 Stab: Sleeping          |     2 |     1 |    16 |     1 ||    20
       Distracted        |       |       |     2 |       ||     2
  Eat: Chunk             |       |     4 |    16 |     5 ||    25
Armor: Leather armour    |    11 |       |    26 |    64 ||   101
       Robe              |       |    11 |    75 |       ||    86
Dodge: Dodged            |    36 |    40 |   264 |   180 ||   520
Block: Buckler           |    15 |    19 |   135 |    96 ||   265

Table legend:
 A = Spawn XP
 B = Non-spawn XP
 C = Spawn XP percentage of total XP
 D = Spawn monster count
 E = Non-spawn monster count
 F = Spawn count percentage of total count
 G = Total turns spent on level
                    A         B        C        D         E        F      G
               +---------+---------+-------+---------+---------+-------+---------
         Total |       0 |    6733 |   0.0 |       0 |     234 |   0.0 |  8912
               +---------+---------+-------+---------+---------+-------+---------
           D:1 |       0 |      67 |   0.0 |       0 |      35 |   0.0 |   621
           D:2 |       0 |     479 |   0.0 |       0 |      18 |   0.0 |  1304
           D:3 |       0 |     276 |   0.0 |       0 |      37 |   0.0 |   905
           D:4 |       0 |     475 |   0.0 |       0 |      43 |   0.0 |  1492
           D:5 |       0 |    1103 |   0.0 |       0 |      22 |   0.0 |  1178
           D:6 |       0 |    1723 |   0.0 |       0 |      18 |   0.0 |  1788
           D:7 |       0 |    2131 |   0.0 |       0 |      56 |   0.0 |  1233
           D:8 |       0 |     479 |   0.0 |       0 |       5 |   0.0 |   176
               +---------+---------+-------+---------+---------+-------+---------
